| TOP OF THE 1ST |
|
Butte Copper Kings batting - Pitching for Caldwell Claws : LHP Victor Gonzales
|
|
Pitching: LHP Victor Gonzales
|
|
|
Batting: LHB Larry Jackson
|
0-0: Fly out, F3 (Line Drive, 3, EV 66.3 MPH)
|
|
Batting: RHB Jere Longenecker
|
0-0: Reached on error, E5 (Groundball, 56, EV 90.6 MPH)
|
|
Batting: RHB Kevin Sliwinski
|
0-0: Ball Jere Longenecker is caught stealing 2nd base 2-4 1-0: Ball 2-0: Called Strike 2-1: SINGLE (Flyball, 9S, EV 90.6 MPH)
|
|
Batting: RHB Russ Anglin
|
0-0: Ball 1-0: SINGLE (Flyball, 5D, EV 88.8 MPH) Kevin Sliwinski to second
|
|
Batting: SHB Pat Bone
|
0-0: Ball 1-0: Ball 2-0: Called Strike 2-1: Foul Ball, location: 2F 2-2: SINGLE (Groundball, 5S, EV 66.3 MPH) (infield hit) Kevin Sliwinski to third Russ Anglin to second
|
|
Batting: RHB John Roth
|
0-0: Swinging Strike 0-1: Foul Ball, location: 2F 0-2: Fielders Choice at 2nd, 6-4 (Groundball, 6, EV 87.5 MPH)
|
| Top of the 1st over - 0 runs, 3 hits, 1 error, 3 left on base; Butte 0 - Caldwell 0 |
| BOTTOM OF THE 1ST |
|
Caldwell Claws batting - Pitching for Butte Copper Kings : RHP Rafael Montalvo
|
|
Pitching: RHP Rafael Montalvo
|
|
|
Batting: RHB Kim Christensen
|
0-0: Foul Ball, location: 2F 0-1: Ball 1-1: Swinging Strike 1-2: SINGLE (Groundball, 34S, EV 62.5 MPH) (infield hit)
|
|
Batting: RHB David Morales
|
0-0: Called Strike 0-1: Ball 1-1: Ball 2-1: Fly out, F9 (Flyball, 9LD, EV 93.8 MPH)
|
|
Batting: LHB Dave Smith
|
0-0: Ball Wild Pitch! Kim Christensen to second 1-0: Foul Ball, location: 2F 1-1: Swinging Strike 1-2: Ball 2-2: Ball 3-2: Foul Ball, location: 2F 3-2: Foul Ball, location: 2F 3-2: Foul Ball, location: 2F 3-2: Base on Balls
|
|
Batting: LHB Joseph Wesley
|
0-0: Ball 1-0: Ball 2-0: Ball Kim Christensen steals 3rd base (no throw) Dave Smith to second 3-0: Base on Balls
|
|
Batting: LHB Gregory Robles
|
0-0: Fly out, F5 (Line Drive, 5, EV 70.6 MPH)
|
|
Batting: LHB Willie Vigil
|
0-0: Fly out, F7 (Flyball, 78M, EV 95.0 MPH)
|
| Bottom of the 1st over - 0 runs, 1 hit, 0 errors, 3 left on base; Butte 0 - Caldwell 0 |
| TOP OF THE 2ND |
|
Butte Copper Kings batting - Pitching for Caldwell Claws : LHP Victor Gonzales
|
|
Batting: RHB Jose Matos
|
0-0: Ground out 5-3 (Groundball, 56, EV 102.5 MPH)
|
|
Batting: RHB Steven Smith
|
0-0: Ball 1-0: Foul Ball, location: 2F 1-1: Ball 2-1: Foul Ball, location: 2F 2-2: Strikes out swinging
|
|
Batting: RHB Jose Escobar
|
0-0: Ball 1-0: Called Strike 1-1: Ball 2-1: Ball 3-1: Base on Balls
|
|
Batting: LHB Larry Jackson
|
0-0: Ball 1-0: Called Strike 1-1: Swinging Strike 1-2: Ground out 4-3 (Groundball, 4, EV 84.4 MPH)
|
| Top of the 2nd over - 0 runs, 0 hits, 0 errors, 1 left on base; Butte 0 - Caldwell 0 |
| BOTTOM OF THE 2ND |
|
Caldwell Claws batting - Pitching for Butte Copper Kings : RHP Rafael Montalvo
|
|
Batting: RHB Anthony Masone
|
0-0: Fly out, F9 (Line Drive, 9, EV 90.6 MPH)
|
|
Batting: LHB Roberto Guillen
|
0-0: Called Strike 0-1: Foul Ball, location: 2F 0-2: Ball 1-2: Foul Ball, location: 2F 1-2: Foul Ball, location: 2F 1-2: Ball 2-2: Ground out 1-3 (Groundball, P, EV 67.5 MPH)
|
|
Batting: RHB Eddie Acevedo
|
0-0: Ball 1-0: Hit by Pitch
|
|
Batting: RHB Kim Christensen
|
0-0: Foul Ball, location: 2F 0-1: Ball 1-1: Called Strike 1-2: Ground out 5-3 (Groundball, 56S, EV 75.6 MPH)
|
| Bottom of the 2nd over - 0 runs, 0 hits, 0 errors, 1 left on base; Butte 0 - Caldwell 0 |
| TOP OF THE 3RD |
|
Butte Copper Kings batting - Pitching for Caldwell Claws : LHP Victor Gonzales
|
|
Batting: RHB Jere Longenecker
|
0-0: Called Strike 0-1: Ball 1-1: Called Strike 1-2: Ground out 6-3 (Groundball, 6M, EV 98.1 MPH)
|
|
Batting: RHB Kevin Sliwinski
|
0-0: Ball 1-0: SINGLE (Groundball, 6D, EV 95.6 MPH)
|
|
Batting: RHB Russ Anglin
|
0-0: Called Strike 0-1: Called Strike 0-2: Foul Ball, location: 2F 0-2: Ball 1-2: Ball 2-2: Foul Ball, location: 2F 2-2: Foul Ball, location: 2F 2-2: Ball 3-2: SINGLE (Groundball, 56, EV 99.4 MPH) Kevin Sliwinski to second
|
|
Batting: SHB Pat Bone
|
0-0: Reached via error on a dropped throw from SS, E4 (Groundball, 6, EV 86.3 MPH) Kevin Sliwinski to third Russ Anglin to second
|
|
Batting: RHB John Roth
|
0-0: GRAND SLAM HOME RUN (Flyball, 7LD, EV 91.3 MPH), Distance : 344 ft
|
|
Batting: RHB Jose Matos
|
0-0: Foul Ball, location: 2F 0-1: Ball 1-1: Called Strike 1-2: Ball 2-2: SINGLE (Flyball, 6D, EV 90.0 MPH)
|
|
Batting: RHB Steven Smith
|
0-0: Ball 1-0: Grounds into double play, 4-6-3 (Groundball, 4, EV 103.8 MPH)
|
| Top of the 3rd over - 4 runs, 4 hits, 1 error, 0 left on base; Butte 4 - Caldwell 0 |
| BOTTOM OF THE 3RD |
|
Caldwell Claws batting - Pitching for Butte Copper Kings : RHP Rafael Montalvo
|
|
Batting: RHB David Morales
|
0-0: Fly out, F7 (Flyball, 7S, EV 88.8 MPH)
|
|
Batting: LHB Dave Smith
|
0-0: Ball 1-0: Ball 2-0: Called Strike 2-1: SINGLE (Groundball, 34D, EV 100.0 MPH)
|
|
Batting: LHB Joseph Wesley
|
0-0: Called Strike 0-1: Ball 1-1: Foul Ball, location: 2F 1-2: Ball 2-2: Ball 3-2: Foul Ball, location: 2F 3-2: Fielders Choice at 2nd, 5-4 (Groundball, 56, EV 98.8 MPH)
|
|
Batting: LHB Gregory Robles
|
0-0: Ball 1-0: Ball 2-0: Called Strike 2-1: Swinging Strike 2-2: Ball 3-2: Ground out 4-3 (Groundball, 4, EV 90.6 MPH)
|
| Bottom of the 3rd over - 0 runs, 1 hit, 0 errors, 1 left on base; Butte 4 - Caldwell 0 |
| TOP OF THE 4TH |
|
Butte Copper Kings batting - Pitching for Caldwell Claws : LHP Victor Gonzales
|
|
Batting: RHB Jose Escobar
|
0-0: Called Strike 0-1: Hit by Pitch
|
|
Batting: LHB Larry Jackson
|
0-0: Called Strike Jose Escobar steals 2nd base (no throw) 0-1: Ball 1-1: Called Strike 1-2: Ball 2-2: Foul Ball, location: 2F 2-2: Foul Ball, location: 2F 2-2: Ball 3-2: Ground out 4-3 (Groundball, 4M, EV 104.4 MPH) Jose Escobar to third
|
|
Batting: RHB Jere Longenecker
|
0-0: Ball 1-0: Ball 2-0: SINGLE (Groundball, 4MD, EV 104.4 MPH) Jose Escobar scores
|
|
Batting: RHB Kevin Sliwinski
|
0-0: Called Strike Jere Longenecker steals 2nd base 0-1: Ball 1-1: Foul Ball, location: 2F 1-2: Ball 2-2: Fly out, F9 (Flyball, 9, EV 73.1 MPH)
|
|
Batting: RHB Russ Anglin
|
0-0: Called Strike 0-1: Foul Ball, location: 2F 0-2: Ball 1-2: Fly out, F8 (Flyball, 8LM, EV 77.5 MPH)
|
| Top of the 4th over - 1 run, 1 hit, 0 errors, 1 left on base; Butte 5 - Caldwell 0 |
| BOTTOM OF THE 4TH |
|
Caldwell Claws batting - Pitching for Butte Copper Kings : RHP Rafael Montalvo
|
|
Batting: LHB Willie Vigil
|
0-0: Ball 1-0: Ball 2-0: Foul Ball, location: 2F 2-1: Ground out 4-3 (Groundball, 4, EV 87.5 MPH)
|
|
Batting: RHB Anthony Masone
|
0-0: Called Strike 0-1: Called Strike 0-2: Fly out, F4 (Line Drive, 4, EV 75.0 MPH)
|
|
Batting: LHB Roberto Guillen
|
0-0: Ball 1-0: Fly out, F4 (Popup, 4M, EV 50.6 MPH)
|
| Bottom of the 4th over - 0 runs, 0 hits, 0 errors, 0 left on base; Butte 5 - Caldwell 0 |
| TOP OF THE 5TH |
|
Butte Copper Kings batting - Pitching for Caldwell Claws : LHP Victor Gonzales
|
|
Batting: SHB Pat Bone
|
0-0: Called Strike 0-1: Swinging Strike 0-2: DOUBLE (Line Drive, 89XD, EV 97.5 MPH)
|
|
Batting: RHB John Roth
|
0-0: Ball 1-0: Swinging Strike 1-1: Ball 2-1: Ball 3-1: Swinging Strike 3-2: Strikes out swinging
|
|
Batting: RHB Jose Matos
|
0-0: SINGLE (Flyball, 78S, EV 91.3 MPH) Pat Bone to third Runner from 3rd tries for Home, SAFE, throw by LF to home
|
|
Batting: RHB Steven Smith
|
0-0: Ball 1-0: Fly out, F9 (Line Drive, 9, EV 90.6 MPH)
|
|
Batting: RHB Jose Escobar
|
0-0: Called Strike 0-1: DOUBLE (Groundball, 5L, EV 96.9 MPH) Jose Matos to third Runner from 3rd tries for Home, SAFE, throw by LF to trailing runner, SAFE at third!
|
|
Pitching: LHP Rafael Sepulveda
|
|
|
Batting: LHB Larry Jackson
|
0-0: Ball 1-0: SINGLE (Line Drive, 78S, EV 108.1 MPH) Jose Escobar scores
|
|
Batting: RHB Jere Longenecker
|
0-0: Ball 1-0: Ball 2-0: Ball 3-0: Base on Balls Larry Jackson to second
|
|
Batting: RHB Kevin Sliwinski
|
0-0: Ball 1-0: Ball 2-0: Called Strike 2-1: Swinging Strike 2-2: Foul Ball, location: 2F 2-2: Foul Ball, location: 2F 2-2: Ball 3-2: Foul Ball, location: 2F 3-2: Foul Ball, location: 2F 3-2: Foul Ball, location: 2F 3-2: Foul Ball, location: 2F 3-2: Foul Ball, location: 2F 3-2: Base on Balls Larry Jackson to third Jere Longenecker to second
|
|
Batting: RHB Russ Anglin
|
0-0: SINGLE (Groundball, 6MD, EV 96.9 MPH) Larry Jackson scores Jere Longenecker to third Kevin Sliwinski to second Runner from 3rd tries for Home, SAFE, throw by CF to home
|
|
Batting: SHB Pat Bone
|
0-0: Ball 1-0: Ball 2-0: Swinging Strike 2-1: Swinging Strike 2-2: Ball 3-2: Base on Balls Kevin Sliwinski to third Russ Anglin to second
|
|
Batting: RHB John Roth
|
0-0: Ball 1-0: SINGLE (Line Drive, 5D, EV 103.1 MPH) Kevin Sliwinski scores Russ Anglin to third Pat Bone to second Runner from 3rd tries for Home, throw by LF and OUT! 7-2
|
| Top of the 5th over - 6 runs, 6 hits, 0 errors, 2 left on base; Butte 11 - Caldwell 0 |
| BOTTOM OF THE 5TH |
|
Caldwell Claws batting - Pitching for Butte Copper Kings : RHP Rafael Montalvo
|
|
Batting: RHB Eddie Acevedo
|
0-0: SINGLE (Groundball, 56D, EV 111.3 MPH)
|
|
Batting: RHB Kim Christensen
|
0-0: Fly out, F9 (Flyball, 9LS, EV 78.8 MPH)
|
|
Batting: RHB David Morales
|
0-0: Called Strike 0-1: Swinging Strike 0-2: SINGLE (Line Drive, 8RS, EV 99.4 MPH) Eddie Acevedo to second
|
|
Batting: LHB Dave Smith
|
0-0: Called Strike 0-1: Fly out, F7 (Flyball, 78D, EV 96.9 MPH)
|
|
Batting: LHB Joseph Wesley
|
0-0: DOUBLE (Flyball, 8RXD, EV 108.1 MPH) Eddie Acevedo scores David Morales to third Runner from 3rd tries for Home, SAFE, no throw by CF
|
|
Batting: LHB Gregory Robles
|
0-0: DOUBLE (Line Drive, 7LD, EV 103.8 MPH) Joseph Wesley scores
|
|
Batting: LHB Willie Vigil
|
0-0: Ball 1-0: Ball 2-0: Ball 3-0: Called Strike 3-1: SINGLE (Flyball, 4D, EV 94.4 MPH) Gregory Robles to third Runner from 3rd tries for Home, SAFE, throw by CF to home
|
|
Batting: RHB Anthony Masone
|
0-0: Called Strike 0-1: Ball 1-1: SINGLE (Line Drive, 8LS, EV 106.3 MPH) Willie Vigil to second
|
|
Batting: LHB Roberto Guillen
|
0-0: Foul Ball, location: 2F 0-1: Ball 1-1: Swinging Strike 1-2: DOUBLE (Line Drive, 78D, EV 106.9 MPH) Willie Vigil scores Anthony Masone to third
|
|
Batting: RHB Eddie Acevedo
|
0-0: Ball 1-0: Called Strike 1-1: Ground out 4-3 (Groundball, 4, EV 83.8 MPH)
|
| Bottom of the 5th over - 5 runs, 7 hits, 0 errors, 2 left on base; Butte 11 - Caldwell 5 |
| TOP OF THE 6TH |
|
Butte Copper Kings batting - Pitching for Caldwell Claws : LHP Rafael Sepulveda
|
|
Now at 1B: Randy Craig
|
|
|
Batting: RHB Jose Matos
|
0-0: Foul Ball, location: 2F 0-1: Ball 1-1: Ball 2-1: Foul Ball, location: 2F 2-2: Fly out, F7 (Flyball, 7, EV 83.8 MPH)
|
|
Batting: RHB Steven Smith
|
0-0: Ball 1-0: Foul Ball, location: 2F 1-1: Foul Ball, location: 2F 1-2: Ball 2-2: Ground out 4-3 (Groundball, 4M, EV 88.8 MPH)
|
|
Batting: RHB Jose Escobar
|
0-0: Called Strike 0-1: Foul Ball, location: 2F 0-2: Ball 1-2: Ball 2-2: Ball 3-2: Ground out 2-3 (Groundball, 15S, EV 65.0 MPH)
|
| Top of the 6th over - 0 runs, 0 hits, 0 errors, 0 left on base; Butte 11 - Caldwell 5 |
| BOTTOM OF THE 6TH |
|
Caldwell Claws batting - Pitching for Butte Copper Kings : RHP Rafael Montalvo
|
|
Pitching: RHP Scott May
|
|
|
Batting: RHB Kim Christensen
|
0-0: Called Strike 0-1: Ground out 5-3 (Groundball, 56, EV 90.6 MPH)
|
|
Batting: RHB David Morales
|
0-0: Foul Ball, location: 2F 0-1: Ball 1-1: Ground out 3-1 (Groundball, 34S, EV 89.4 MPH)
|
|
Batting: LHB Dave Smith
|
0-0: Called Strike 0-1: Ball 1-1: Foul Ball, location: 2F 1-2: Fly out, F8 (Line Drive, 8LM, EV 91.9 MPH)
|
| Bottom of the 6th over - 0 runs, 0 hits, 0 errors, 0 left on base; Butte 11 - Caldwell 5 |
| TOP OF THE 7TH |
|
Butte Copper Kings batting - Pitching for Caldwell Claws : LHP Rafael Sepulveda
|
|
Batting: LHB Larry Jackson
|
0-0: Swinging Strike 0-1: Foul Ball, location: 2F 0-2: Ball 1-2: Strikes out swinging
|
|
Batting: RHB Jere Longenecker
|
0-0: Ball 1-0: Ball 2-0: Called Strike 2-1: Ground out 6-3 (Groundball, 6, EV 85.0 MPH)
|
|
Batting: RHB Kevin Sliwinski
|
0-0: Ball 1-0: Ball 2-0: Called Strike 2-1: Ball 3-1: Called Strike 3-2: Ground out 6-3 (Groundball, 6, EV 83.8 MPH)
|
| Top of the 7th over - 0 runs, 0 hits, 0 errors, 0 left on base; Butte 11 - Caldwell 5 |
| BOTTOM OF THE 7TH |
|
Caldwell Claws batting - Pitching for Butte Copper Kings : RHP Scott May
|
|
Batting: LHB Joseph Wesley
|
0-0: Foul Ball, location: 2F 0-1: Ball 1-1: Foul Ball, location: 2F 1-2: SOLO HOME RUN (Flyball, 9LD, EV 89.4 MPH), Distance : 369 ft
|
|
Batting: SHB Randy Craig
|
0-0: Ball 1-0: Called Strike 1-1: Called Strike 1-2: Strikes out swinging
|
|
Batting: LHB Willie Vigil
|
0-0: Ball 1-0: Ball 2-0: Foul Ball, location: 2F 2-1: Ball 3-1: Ground out 2-3 (Groundball, 15S, EV 70.0 MPH)
|
|
Batting: RHB Anthony Masone
|
0-0: Ground out 5-3 (Groundball, 56S, EV 83.1 MPH)
|
| Bottom of the 7th over - 1 run, 1 hit, 0 errors, 0 left on base; Butte 11 - Caldwell 6 |
| TOP OF THE 8TH |
|
Butte Copper Kings batting - Pitching for Caldwell Claws : LHP Rafael Sepulveda
|
|
Pitching: RHP Enrique Guerra
|
|
|
Batting: RHB Russ Anglin
|
0-0: Called Strike 0-1: Ball 1-1: Swinging Strike 1-2: Ball 2-2: Ball 3-2: Foul Ball, location: 2F 3-2: Strikes out looking
|
|
Batting: SHB Pat Bone
|
0-0: Called Strike 0-1: Foul Ball, location: 2F 0-2: Strikes out swinging
|
|
Batting: RHB John Roth
|
0-0: Called Strike 0-1: Ball 1-1: Ball 2-1: Ball 3-1: Swinging Strike 3-2: Foul Ball, location: 2F 3-2: Foul Ball, location: 2F 3-2: SINGLE (Groundball, 4MS, EV 66.9 MPH) (infield hit)
|
|
Batting: RHB Jose Matos
|
0-0: Called Strike 0-1: Ball 1-1: Fly out, F8 (Line Drive, 8LM, EV 92.5 MPH)
|
| Top of the 8th over - 0 runs, 1 hit, 0 errors, 1 left on base; Butte 11 - Caldwell 6 |
| BOTTOM OF THE 8TH |
|
Caldwell Claws batting - Pitching for Butte Copper Kings : RHP Scott May
|
|
Batting: LHB Roberto Guillen
|
0-0: Swinging Strike 0-1: Fly out, F8 (Flyball, 8RXD, EV 107.5 MPH)
|
|
Batting: RHB Eddie Acevedo
|
0-0: Called Strike 0-1: Called Strike 0-2: Strikes out swinging
|
|
Batting: RHB Kim Christensen
|
0-0: Called Strike 0-1: Ball 1-1: Fly out, F9 (Line Drive, 9, EV 97.5 MPH)
|
| Bottom of the 8th over - 0 runs, 0 hits, 0 errors, 0 left on base; Butte 11 - Caldwell 6 |
| TOP OF THE 9TH |
|
Butte Copper Kings batting - Pitching for Caldwell Claws : RHP Enrique Guerra
|
|
Batting: RHB Steven Smith
|
0-0: Foul Ball, location: 2F 0-1: Ball 1-1: Foul Ball, location: 2F 1-2: Strikes out swinging
|
|
Batting: RHB Jose Escobar
|
0-0: Ground out 4-3 (Groundball, 4, EV 105.0 MPH)
|
|
Batting: LHB Larry Jackson
|
0-0: Foul Ball, location: 2F 0-1: Foul Ball, location: 2F 0-2: Fly out, F8 (Flyball, 8RD, EV 96.9 MPH)
|
| Top of the 9th over - 0 runs, 0 hits, 0 errors, 0 left on base; Butte 11 - Caldwell 6 |
| BOTTOM OF THE 9TH |
|
Caldwell Claws batting - Pitching for Butte Copper Kings : RHP Scott May
|
|
Batting: RHB David Morales
|
0-0: Swinging Strike 0-1: Ball 1-1: Foul Ball, location: 2F 1-2: Fly out, F7 (Flyball, 7S, EV 77.5 MPH)
|
|
Batting: LHB Dave Smith
|
0-0: Ground out 4-3 (Groundball, 4, EV 86.9 MPH)
|
|
Batting: LHB Joseph Wesley
|
0-0: Ball 1-0: Ground out 4-3 (Groundball, 4, EV 101.9 MPH)
|
| Bottom of the 9th over - 0 runs, 0 hits, 0 errors, 0 left on base; Butte 11 - Caldwell 6 |
|